 Dungeon Crawl Stone Soup version 0.23-a0-642-g3120c2f (webtiles) character file.

423556 MisterFreud the Wrestler (level 22, -41/227 HPs)
             Began as a Troll Hunter on Dec 29, 2018.
             Was the Champion of Okawaru.
             Killed from afar by Margery (112 damage)
             ... with a fireball
             ... on level 4 of the Depths on Dec 30, 2018.
             The game lasted 02:11:18 (43961 turns).

MisterFreud the Wrestler (Troll Hunter)            Turns: 43961, Time: 02:11:20

Health: -41/227    AC: 12    Str: 37    XL:     22   Next: 70%
Magic:  34/36      EV: 28    Int: 10    God:    Okawaru [******]
Gold:   4843       SH: 38    Dex: 23    Spells: 21/21 levels left

rFire    x . .     SeeInvis +     - Unarmed
rCold    + + .     Gourm    +   T - +7 large shield of Areohafe {+Blink rElec Int-2 Dex+5}
rNeg     + . .     Faith    .   Z - +5 robe of Misfortune {*Contam Harm *Corrode *Drain *Slow EV+5}
rPois    .         Spirit   .   R - +1 hat of Edynugy {rC+ Str+4 Int+5}
rElec    +         Reflect  +   J - +0 cloak "Kupathro" {MP+9 Dex+4}
rCorr    .         Harm     +   (gloves unavailable)
MR       +++..                  (boots unavailable)
Stlth    +++.......             I - +5 amulet of reflection
HPRegen  0.87/turn              K - ring of Wier {+Blink rF- rC+ MR+}
MPRegen  0.25/turn              m - ring of Due Proportion {rN+ MR+ Dex+4 SInv}

@: about to teleport, heroism
A: large, unfitting armour, claws 3, deterioration 1, fast metabolism 3,
gourmand, regeneration 1, shaggy fur 1, tough skin 2
}: 2/15 runes: barnacled, gossamer
a: Heroism, Finesse, Renounce Religion, Evoke Blink


You were on level 4 of the Depths.
You worshipped Okawaru.
Okawaru was exalted by your worship.
You were very full.

You visited 8 branches of the dungeon, and saw 42 of its levels.
You visited the Abyss 1 time.
You also visited: Sewer, Ossuary and Ice Cave.

You collected 4988 gold pieces.
You spent 145 gold pieces at shops.

Inventory:

Missiles
 c - 142 large rocks (quivered)
 d - 11 throwing nets
Armour
 J - the +0 cloak "Kupathro" (worn) {MP+9 Dex+4}
   (You acquired it on level 2 of the Spider Nest)

   It affects your dexterity (+4).
   It affects your magic capacity (+9).
 R - the +1 hat of Edynugy (worn) {rC+ Str+4 Int+5}
   (Okawaru gifted it to you on level 6 of the Lair of Beasts)

   It affects your strength (+4).
   It affects your intelligence (+5).
   It protects you from cold.
 T - the +7 large shield of Areohafe (worn) {+Blink rElec Int-2 Dex+5}
   (Okawaru gifted it to you on level 4 of the Spider Nest)

   It affects your intelligence (-2).
   It affects your dexterity (+5).
   It insulates you from electricity.
   It lets you blink.
 Z - the +5 robe of Misfortune (worn) {*Contam Harm *Corrode *Drain *Slow EV+5}
   (You acquired it on level 15 of the Dungeon)

   It affects your evasion (+5).
   It causes magical contamination when unequipped.
   It may corrode you when you take damage.
   It causes draining when unequipped.
   It may slow you when you take damage.
   It increases damage dealt and taken.
Jewellery
 m - the ring of Due Proportion (right claw) {rN+ MR+ Dex+4 SInv}
   (You found it on level 3 of the Elven Halls)

   [ring of see invisible]

   It affects your dexterity (+4).
   It protects you from negative energy.
   It affects your resistance to hostile enchantments.
   It lets you see invisible.
 r - the amulet of the Jester {RegenMP rC- MR+ Str+4}
   (You found it on level 4 of the Shoals)

   [amulet of magic regeneration]

   It increases your magic regeneration.
   It affects your strength (+4).
   It makes you vulnerable to cold.
   It affects your resistance to hostile enchantments.
 E - the amulet "Daku Wir" {rF+ rC- rN++ Regen+ SInv}
   (You found it on level 6 of the Dungeon)

   [amulet of regeneration]

   It protects you from fire.
   It makes you vulnerable to cold.
   It greatly protects you from negative energy.
   It lets you see invisible.
   It increases your rate of regeneration.
 G - the ring "Oneoj" {+Fly MP+9 Stlth+}
   (You found it on level 3 of the Elven Halls)

   [ring of flight]

   It affects your magic capacity (+9).
   It lets you fly.
   It makes you more stealthy.
 I - a +5 amulet of reflection (around neck)
 K - the ring of Wier (left claw) {+Blink rF- rC+ MR+}
   (You found it on level 3 of the Elven Halls)

   [ring of protection from magic]

   It makes you vulnerable to fire.
   It protects you from cold.
   It affects your resistance to hostile enchantments.
   It lets you blink.
 V - the ring of the Garden {rPois rC+ rN+ Str+2}
   (You found it on level 2 of the Lair of Beasts)

   [ring of poison resistance]

   It affects your strength (+2).
   It protects you from cold.
   It protects you from poison.
   It protects you from negative energy.
Wands
 k - a wand of polymorph (30)
 v - a wand of acid (19)
 C - a wand of scattershot (6)
 H - a wand of digging (22)
 L - a wand of flame (42)
 M - a wand of iceblast (28)
 O - a wand of paralysis (17)
 X - a wand of clouds (8)
 Y - a wand of enslavement (6)
Scrolls
 b - 3 scrolls of holy word
 e - 3 scrolls of enchant armour
 g - 5 scrolls of magic mapping
 i - 15 scrolls of remove curse
 j - a scroll of silence
 l - 15 scrolls of teleportation
 y - a scroll of blinking
 B - 5 scrolls of summoning
 F - 4 scrolls of fog
 P - 9 scrolls of identify
 U - a scroll of fear
Potions
 a - 17 potions of curing
 h - 6 potions of ambrosia
 n - 11 potions of magic
 o - 4 potions of lignification
 p - 7 potions of agility
 q - 8 potions of berserk rage
 s - 3 potions of haste
 w - a potion of heal wounds
 z - 3 potions of resistance
 A - 5 potions of brilliance
 D - 6 potions of mutation
 N - 3 potions of might
 W - a potion of cancellation
Miscellaneous
 t - 2 phantom mirrors
 u - 3 sacks of spiders
 x - a box of beasts
 Q - a lamp of fire
Comestibles
 f - 69 rations


   Skills:
 - Level 15.0(20.0) Fighting
 + Level 17.5(22.5) Throwing
 - Level 10.0(15.0) Dodging
 - Level 0.3(5.3) Stealth
 - Level 15.0(20.0) Shields
 - Level 22.0(27) Unarmed Combat
 - Level 8.0 Invocations
 - Level 8.0 Evocations


You had 21 spell levels left.
You didn't know any spells.
Your spell library contained the following spells:

 Spells                   Type           Power        Failure   Level  Hunger
 Infusion                 Chrm           #...         36%         1    ##.....
 Magic Dart               Conj           #...         36%         1    ##.....
 Shock                    Conj/Air       #...         36%         1    ##.....
 Sting                    Conj/Pois      #...         36%         1    ##.....
 Summon Butterflies       Summ           #.......     36%         1    ##.....
 Summon Small Mammal      Summ           #...         36%         1    ##.....
 Blink                    Tloc           N/A          50%         2    ###....
 Call Imp                 Summ           #.......     50%         2    ###....
 Corpse Rot               Necr           N/A          50%         2    ###....
 Passwall                 Tmut/Erth      #.......     50%         2    ###....
 Poisonous Vapours        Pois/Air       #.....       50%         2    ###....
 Shroud of Golubria       Chrm/Tloc      #.........   50%         2    ###....
 Slow                     Hex            #.......     50%         2    ###....
 Song of Slaying          Chrm           #.......     50%         2    ###....
 Sublimation of Blood     Necr           #.........   50%         2    ###....
 Swiftness                Chrm/Air       #.......     50%         2    ###....
 Call Canine Familiar     Summ           #.......     75%         3    ####...
 Conjure Flame            Conj/Fire      #.......     75%         3    ####...
 Mephitic Cloud           Conj/Pois/Air  #.......     75%         3    ####...
 Recall                   Summ/Tloc      N/A          75%         3    ####...
 Regeneration             Chrm/Necr      #.........   75%         3    ####...
 Spectral Weapon          Hex/Chrm       #.......     75%         3    ####...
 Static Discharge         Conj/Air       #.......     75%         3    ####...
 Summon Guardian Golem    Hex/Summ       #.......     75%         3    ####...
 Vampiric Draining        Necr           #.........   75%         3    ####...
 Airstrike                Air            #.........   98%         4    #####..
 Animate Dead             Necr           N/A          98%         4    #####..
 Fulminant Prism          Conj/Hex       #.........   98%         4    #####..
 Ice Form                 Ice/Tmut       #.......     98%         4    #####..
 Olgreb's Toxic Radiance  Pois           #.......     98%         4    #####..
 Passage of Golubria      Tloc           N/A          98%         4    #####..
 Summon Ice Beast         Ice/Summ       #.......     98%         4    #####..
 Summon Lightning Spire   Summ/Air       #.......     98%         4    #####..
 Agony                    Necr           #.......     100%        5    ######.
 Bolt of Draining         Conj/Necr      #.........   100%        5    ######.
 Bolt of Magma            Conj/Fire/Erth #.........   100%        5    ######.
 Borgnjor's Vile Clutch   Necr/Erth      #.........   100%        5    ######.
 Dispel Undead            Necr           #.......     100%        5    ######.
 Excruciating Wounds      Chrm/Necr      #.........   100%        5    ######.
 Iskenderun's Battlesphe  Conj/Chrm      #.......     100%        5    ######.
 Lee's Rapid Deconstruct  Erth           #.........   100%        5    ######.
 Lightning Bolt           Conj/Air       #.........   100%        5    ######.
 Metabolic Englaciation   Hex/Ice        #.........   100%        5    ######.
 Summon Mana Viper        Hex/Summ       #.......     100%        5    ######.
 Venom Bolt               Conj/Pois      #.........   100%        5    ######.
 Bolt of Cold             Conj/Ice       #.........   100%        6    #######
 Darkness                 Hex            #.........   100%        6    #######
 Death Channel            Necr           #.........   100%        6    #######
 Freezing Cloud           Conj/Ice/Air   #.........   100%        6    #######
 Invisibility             Hex            #.......     100%        6    #######
 Iron Shot                Conj/Erth      #.........   100%        6    #######
 Ozocubu's Refrigeration  Ice            #.........   100%        6    #######
 Simulacrum               Ice/Necr       #.........   100%        6    #######
 Orb of Destruction       Conj           #.........   100%        7    #######
 Ring of Flames           Chrm/Fire      #.........   100%        7    #######
 Spellforged Servitor     Conj/Summ      #.........   100%        7    #######
 Summon Hydra             Summ           #.........   100%        7    #######


Dungeon Overview and Level Annotations

Branches:
Dungeon (15/15)            Temple (0/1) D:6            Lair (6/6) D:9
 Shoals (4/4) Lair:2       Spider (4/4) Lair:3        Slime (0/5) Lair:6
    Orc (2/2) D:9             Elf (3/3) Orc:2        Vaults (4/5) D:13
  Crypt (0/3) Vaults:3     Depths (4/5) D:15

Altars:
Cheibriados
Dithmenos
Gozag
Kikubaaqudgha
Makhleb
Okawaru
Qazlal
Sif Muna
Uskayaw
Vehumet
Wu Jian
Xom
Yredelemnul
Zin
The Shining One
Beogh

Shops:
D:7 *}   D:12 *(   Orc:1 *   Orc:2 }([(   Elf:3 (   Vaults:1 [   Vaults:4 (

Portals:
Hell: Depths:1 Depths:2 Depths:3
Abyss: Depths:1
Pandemonium: Depths:1 Depths:3

Annotations:
D:3 2 transporters
D:12 exclusions: obsidian statue and orange crystal statue
Elf:1 exclusions: obsidian statue and orange crystal statue
Elf:2 3 runed doors, Tolavum's ghost, adept VSAK
Depths:1 3 runed doors, exclusion: obsidian statue, Xanleava's ghost, journeyman SpBe
Depths:2 1 runed door
Depths:3 2 runed doors
Depths:4 Margery


Innate Abilities, Weirdness & Mutations

You are too large for most types of armour.
You have claws for hands.
Your metabolism is lightning-fast.
You like to eat raw meat.
Your natural rate of healing is unusually fast.
You are covered in fur. (AC +1)
You have very tough skin. (AC +2)
Your body sometimes deteriorates upon taking damage.


Message History

The necromancer gestures at you while chanting.
The bolt of cold hits you! You resist.
Throwing (i - inventory. (/) - cycle)
c - 143 large rocks (quivered)
Press: ? - help, Shift-Dir - straight line, f/p - necromancer
Aim: a necromancer, wielding a +0 dagger and wearing a +0 robe (almost dead)
You throw a large rock. The large rock hits the necromancer!!!
You kill the necromancer!
Okawaru accepts your kill.
You gain the combat prowess of a mighty hero.
The hell knight gestures at you while chanting.
The bolt of fire hits you! The fire burns you terribly!
Margery points at you and mumbles some strange words.
The fireball explodes!
The fireball engulfs you! The fire burns you terribly!
As you read the scroll of teleportation, it crumbles to dust.
You feel strangely unstable. Margery casts a spell at you.
The fireball explodes!
The fireball engulfs the hell knight.
The hell knight completely resists.
The fireball engulfs you! The fire burns you terribly!
You die...

####### #####...#######
..###...###...## +### #
..###...###....## ...#.#
..##.....##..#..## @..#.#
..#...#...#..##..# p.p..#
#....###....###..# .....#
#....###....###.@# .....#
##...###...####.p######.....#
###############......pp.....#
###### ##..@...!..#### .....#
##..(.....# ####.#
#.........+ #.# #####......#
#.# ###.<.###....# #.#
##.......##...#


You could see Margery and a hell knight.

Vanquished Creatures
  An ancient lich (Depths:3)
  Saint Roka (Orc:2)
  A caustic shrike (Depths:3)
  Arachne (Spider:2)
  A tentacled monstrosity (Depths:2)
  3 deep elf blademasters (Elf:3)
  5 deep elf master archers (Elf:3)
  2 quicksilver dragons
  Frances (D:12)
  A sphinx (Vaults:2)
  Polyphemus (Shoals:3)
  A kraken (Shoals:2)
  3 tentacled starspawn (Abyss:3)
  3 shadow dragons (Depths:3)
  A tengu reaver (Depths:2)
  2 storm dragons (Depths:2)
  Ilsuiw (Shoals:3)
  10 fire giants
  An azure jelly (Elf:3)
  A frost giant (Depths:2)
  9 vault wardens
  2 caustic shrike zombies (Depths:3)
  5 emperor scorpions (Spider:4)
  4 deep elf sorcerers
  2 ghost moths (Spider:4)
  8 ironheart preservers
  4 deep elf elementalists
  5 entropy weavers
  5 very ugly things (Depths:1)
  A war gargoyle (Vaults:2)
  4 vampire knights (Depths:3)
  16 stone giants
  3 deep elf demonologists
  Azrael (D:11)
  4 dire elephants (Lair:6)
  4 deep elf annihilators (Elf:3)
  2 spark wasps (Depths:3)
  2 blizzard demons (IceCv)
  6 ettins
  A crystal guardian (Vaults:4)
  2 merfolk javelineers
  8 deep elf death magi
  9 merfolk impalers
  2 jiangshi (Depths:3)
  Josephine (D:13)
  A rakshasa (Abyss:3)
  4 great orbs of eyes
  A deep elf high priest (Elf:3)
  Fannar (D:12)
  5 hydras
  8 yaktaur captains
  6 fire dragons
  8 vault guards
  7 ice dragons
  A merfolk avatar (Shoals:4)
  An anaconda (Lair:6)
  3 catoblepae
  10 centaur warriors
  27 two-headed ogres
  A death knight (Vaults:2)
  3 alligator snapping turtles (Shoals:4)
  7 tengu warriors
  8 ogre magi
  A queen ant (Spider:1)
  25 dancing weapons
  2 merfolk aquamancers (Shoals:4)
  3 large abominations
  5 deep troll earth magi
  5 deep troll shamans
  A vampire mage (Depths:3)
  Urug (Lair:2)
  3 satyrs
  A soul eater (Depths:3)
  A titan zombie (Depths:3)
  4 spriggan berserkers (Depths:2)
  5 death yaks
  2 thrashing horrors (Abyss:3)
  3 spriggans (Depths:2)
  A fire crab (shapeshifter) (Depths:1)
  17 deep elf knights
  A wretched star (Abyss:3)
  5 iron trolls
  11 skeletal warriors
  4 unseen horrors (Vaults:1)
  2 unseen horrors (shapeshifter)
  2 shadow wraiths
  3 glowing orange brains
  A kraken simulacrum (Shoals:4)
  5 wizards
  2 flayed ghosts
  Pikel (D:5)
  17 deep trolls
  A golden dragon skeleton (Depths:3)
  4 phantasmal warriors
  17 deep elf archers
  8 sea snakes
  A harpy (shapeshifter) (D:15)
  A lindwurm (Lair:2)
  20 harpies
  8 necromancers
  16 orc knights
  2 sphinx zombies (Depths:3)
  15 ironbrand convokers
  A fire giant zombie (Depths:3)
  3 orc sorcerers
  39 ugly things
  47 deep elf magi
  24 orb spiders
  19 fauns
  29 wolf spiders
  5 cyclopes
  An iron dragon skeleton (Depths:3)
  12 manticores
  A moth of wrath (shapeshifter) (Vaults:3)
  4 moths of wrath
  21 vault sentinels
  2 black mambas (shapeshifter)
  6 elephants
  3 black mambas
  16 merfolk sirens
  3 spriggan zombies
  A stone giant skeleton (Depths:3)
  A guardian serpent (shapeshifter) (Vaults:3)
  An orange demon (Abyss:3)
  2 torpor snails
  4 water nymphs
  3 ice statues (IceCv)
  8 spiny frogs
  2 kobold demonologists (D:14)
  2 centaur skeletons
  An efreet (D:15)
  16 demonic crawlers
  11 freezing wraiths
  An entropy weaver simulacrum (Vaults:2)
  6 komodo dragons
  41 yaktaurs
  2 anaconda simulacra (IceCv)
  3 rime drakes
  A golden dragon simulacrum (IceCv)
  11 ice devils (IceCv)
  8 tengu conjurers
  An elf skeleton (Depths:3)
  4 polar bears
  24 merfolk
  4 wind drakes
  An ancient zyme (Abyss:3)
  A silent spectre (Abyss:3)
  19 jumping spiders
  4 meliai
  23 slime creatures
  5 trolls
  2 raiju
  16 hornets
  8 blink frogs (Lair:6)
  9 snapping turtles
  A stone giant simulacrum (Vaults:2)
  12 hippogriffs
  7 dream sheep
  55 redbacks
  9 starcursed masses (Abyss:3)
  25 tarantellas
  23 water elementals
  An air elemental (Elf:1)
  10 wraiths
  A spriggan (shapeshifter) (Depths:1)
  An elf zombie (D:15)
  2 wyverns
  40 yaks
  A shadow (D:14)
  3 vampires (D:12)
  A dire elephant simulacrum (IceCv)
  6 fire elementals
  A hog (shapeshifter) (Vaults:4)
  3 basilisks
  2 vampire mosquitoes (D:13)
  A yaktaur simulacrum (Vaults:2)
  Menkaure (D:4)
  A chaos spawn (Abyss:3)
  2 small abominations
  A tengu zombie (D:15)
  An iron troll simulacrum (IceCv)
  6 wargs
  11 water moccasins
  4 hell hounds (D:11)
  8 soldier ants
  An acid dragon (D:13)
  4 hydra simulacra (IceCv)
  5 porcupines
  Duvessa (D:7)
  36 orc warriors
  A sky beast (D:10)
  A swamp dragon zombie (Abyss:3)
  2 human skeletons
  2 slaves (D:5)
  6 phantoms
  An ice beast (D:8)
  3 black bears
  2 necrophages
  11 centaurs
  An ettin simulacrum (IceCv)
  32 ogres
  6 boggarts
  14 crocodiles
  8 big kobolds
  Blork the orc (D:5)
  19 bullfrogs
  Dowan (D:7)
  5 earth elementals
  5 scorpions
  10 killer bees
  4 wights (D:7)
  11 howler monkeys
  An electric eel (Lair:2)
  9 crimson imps
  A bullfrog zombie (D:9)
  A human simulacrum (Vaults:3)
  2 quasits
  9 hounds
  9 jellies
  27 orc priests
  2 bullfrog skeletons
  31 orc wizards
  5 iguanas
  Natasha (thrice) (D:2)
  9 hell rats (Lair:1)
  24 worker ants
  A big kobold zombie (Ossuary)
  3 mummies (Ossuary)
  2 worker ant zombies (D:5)
  3 gnolls (D:3)
  13 river rats (Lair:1)
  9 adders
  5 shadow imps
  7 oozes
  An ufetubus (Depths:1)
  3 worms
  4 dart slugs
  5 leopard geckos
  117 orcs
  12 bats
  10 giant cockroaches
  11 goblins
  7 hobgoblins
  13 jackals
  14 kobolds
  9 quokkas
  4 ball pythons
  6 frilled lizards
  A giant cockroach zombie (D:2)
  4 goblin zombies
  6 hobgoblin zombies (Ossuary)
  A kobold zombie (Ossuary)
  27 rats
  A rat zombie (D:5)
  6 crawling corpses
  2 plants (Lair:6)
  2 starspawn tentacles (Abyss:3)
  3 tentacles (Shoals:2)
1840 creatures vanquished.

Vanquished Creatures (others)
  2 stone giants (Depths:3)
  5 yaktaurs
  An orc (Orc:2)
  9 plants
  11 starspawn tentacles (Abyss:3)
  16 tentacles
  7 toadstools (Lair:2)
51 creatures vanquished.

Grand Total: 1891 creatures vanquished

Notes
Turn   | Place    | Note
-------+----------+-------------------------------------------
     0 | D:1      | MisterFreud the Troll Hunter began the quest for the Orb.
     0 | D:1      | Reached XP level 1. HP: 19/19 MP: 0/0
    25 | D:1      | Reached skill level 1 in Unarmed Combat
    31 | D:1      | Reached XP level 2. HP: 27/27 MP: 1/1
    81 | D:1      | Reached skill level 2 in Unarmed Combat
   289 | D:1      | Reached XP level 3. HP: 32/33 MP: 2/2
   550 | D:1      | Reached skill level 3 in Unarmed Combat
   943 | D:2      | Found a stormy altar of Qazlal.
  1319 | D:2      | Noticed Natasha
  1328 | D:2      | Killed Natasha
  1328 | D:2      | Reached XP level 4. HP: 36/41 MP: 3/3
  1384 | D:2      | Reached skill level 4 in Unarmed Combat
  1503 | D:2      | Noticed Natasha
  1510 | D:2      | Killed Natasha
  1577 | D:2      | Noticed Natasha
  1588 | D:2      | Killed Natasha
  1588 | D:2      | Reached XP level 5. HP: 20/48 MP: 4/4
  1655 | D:3      | Found a transporter.
  1665 | D:3      | Found a transporter.
  1694 | D:3      | Found a shadowy altar of Dithmenos.
  1694 | D:3      | Found a deep blue altar of Sif Muna.
  1694 | D:3      | Found an ancient bone altar of Kikubaaqudgha.
  1755 | D:3      | Reached skill level 5 in Unarmed Combat
  2185 | D:3      | Found a glowing silver altar of Zin.
  2185 | D:3      | Found a hide-covered altar of Uskayaw.
  2232 | D:3      | Found an iron altar of Okawaru.
  2240 | D:3      | Became a worshipper of Warmaster Okawaru
  2329 | D:3      | Found an ornate altar of the Wu Jian Council.
  2370 | D:3      | Found a glowing golden altar of the Shining One.
  2576 | D:4      | Reached skill level 6 in Unarmed Combat
  2576 | D:4      | Reached XP level 6. HP: 40/55 MP: 5/5
  2984 | D:4      | Found a glowing drain.
  2995 | Sewer    | Entered a sewer
  3141 | D:4      | Reached skill level 7 in Unarmed Combat
  3330 | D:5      | Entered Level 5 of the Dungeon
  3403 | D:5      | Noticed Menkaure
  3405 | D:5      | Noticed Blork the orc
  3417 | D:4      | Killed Menkaure
  3417 | D:4      | Reached XP level 7. HP: 21/62 MP: 6/6
  3499 | D:5      | Killed Blork the orc
  3499 | D:5      | Reached * piety under Okawaru
  3499 | D:5      | Reached skill level 8 in Unarmed Combat
  3500 | D:5      | Found a sand-covered staircase.
  3510 | Ossuary  | Entered an ossuary
  3510 | Ossuary  | Noticed a wraith
  3510 | Ossuary  | Noticed a wraith
  3510 | Ossuary  | Noticed a wraith
  3705 | Ossuary  | Noticed a wraith
  3716 | Ossuary  | Killed a wraith
  3716 | Ossuary  | Reached skill level 1 in Invocations
  4209 | D:5      | Reached ** piety under Okawaru
  4209 | D:5      | Reached XP level 8. HP: 75/75 MP: 8/8
  4296 | D:5      | Noticed Pikel
  4317 | D:5      | Killed Pikel
  4731 | D:6      | Reached skill level 5 in Fighting
  4824 | D:6      | Found a staircase to the Ecumenical Temple.
  4867 | D:6      | Reached *** piety under Okawaru
  5055 | D:6      | Reached XP level 9. HP: 80/89 MP: 11/11
  5141 | D:6      | Got a translucent jade amulet
  5142 | D:6      | Identified the amulet "Daku Wir" {rF+ rC- rN++ Regen+ SInv}
                  | (You found it on level 6 of the Dungeon)
  5355 | D:7      | Reached skill level 9 in Unarmed Combat
  5373 | D:7      | Reached **** piety under Okawaru
  5596 | D:7      | Noticed Duvessa
  5596 | D:7      | Noticed Dowan
  5600 | D:7      | Killed Duvessa
  5607 | D:7      | Killed Dowan
  5659 | D:7      | Found Laediaf's Gadget Shoppe.
  5846 | D:7      | Reached skill level 5 in Dodging
  5852 | D:7      | Found Vennos's Assorted Antiques.
  5868 | D:7      | Bought a granite ring for 145 gold pieces
  6383 | D:8      | Reached skill level 10 in Unarmed Combat
  6464 | D:8      | Reached XP level 10. HP: 85/98 MP: 12/12
  6482 | D:8      | Found a glowing golden altar of the Shining One.
  6484 | D:8      | Noticed an angel
  6493 | D:8      | Found a basalt altar of Yredelemnul.
  6666 | D:8      | Identified Sif Muna's Incunabulum of Fiery Conjuration
  7288 | D:9      | Received a gift from Okawaru
  7468 | D:9      | Noticed a two-headed ogre
  7476 | D:9      | Killed a two-headed ogre
  7476 | D:9      | Reached ***** piety under Okawaru
  7479 | D:9      | Noticed a red ugly thing
  7498 | D:9      | Killed a red ugly thing
  7555 | D:9      | Found a staircase to the Orcish Mines.
  7556 | D:9      | Found a staircase to the Lair.
  7583 | D:9      | Received a gift from Okawaru
  7615 | D:9      | Reached skill level 5 in Invocations
  7777 | D:9      | Found a snail-covered altar of Cheibriados.
  7883 | D:9      | Found a shimmering altar of Xom.
  7884 | D:9      | Found a shimmering altar of Xom.
  7896 | D:9      | Found a shimmering altar of Xom.
  7897 | D:9      | Found a shimmering altar of Xom.
  7898 | D:9      | Found a shimmering altar of Xom.
  7898 | D:9      | Found a shimmering altar of Xom.
  8057 | D:10     | Entered Level 10 of the Dungeon
  8670 | D:10     | Reached XP level 11. HP: 100/105 MP: 13/15
  9294 | D:11     | Found a shadowy altar of Dithmenos.
  9294 | D:11     | Noticed an eight-headed hydra
  9301 | D:11     | Noticed a five-headed hydra
  9303 | D:11     | Killed an eight-headed hydra
  9303 | D:11     | Received a gift from Okawaru
  9307 | D:11     | Killed a five-headed hydra
  9307 | D:11     | Received a gift from Okawaru
  9358 | D:11     | Identified a scroll of acquirement
  9443 | D:11     | Reached skill level 1 in Shields
  9839 | D:12     | Found Liashre's Blood Bar.
  9869 | D:12     | Noticed Fannar
  9882 | D:12     | Killed Fannar
  9882 | D:12     | Reached skill level 5 in Shields
  9888 | D:12     | Noticed Frances
  9890 | D:12     | Noticed a sun demon
 10061 | D:12     | Noticed Azrael
 10095 | D:11     | Reached XP level 12. HP: 99/114 MP: 17/17
 10126 | D:11     | Killed Azrael
 10286 | D:12     | Killed Frances
 10286 | D:12     | Received a gift from Okawaru
 10495 | D:12     | Found Begaq's Weapon Boutique.
 10671 | Lair:1   | Entered Level 1 of the Lair of Beasts
 10790 | Lair:1   | Reached skill level 1 in Evocations
 11601 | Lair:1   | Reached skill level 5 in Throwing
 11914 | Lair:2   | Noticed Urug
 11925 | Lair:2   | Killed Urug
 12164 | Lair:2   | Found a staircase to the Shoals.
 12482 | Lair:2   | Reached XP level 13. HP: 74/120 MP: 18/18
 12738 | Lair:2   | Found a runed door.
 12862 | Lair:2   | Got a warped turquoise ring
 12869 | Lair:2   | Identified the ring of the Garden {rPois rC+ rN+ Str+2}
                  | (You found it on level 2 of the Lair of Beasts)
 13024 | Lair:3   | Received a gift from Okawaru
 13410 | Lair:3   | Found a hole to the Spider Nest.
 14429 | Lair:4   | Reached skill level 5 in Evocations
 14931 | Lair:5   | Received a gift from Okawaru
 15439 | Lair:6   | Entered Level 6 of the Lair of Beasts
 15540 | Lair:6   | Reached skill level 10 in Shields
 15750 | Lair:6   | Found a staircase to the Slime Pits.
 16210 | Lair:6   | Received a gift from Okawaru
 16213 | Lair:6   | Got a shimmering hat {god gift}
 16224 | Lair:6   | Identified the +1 hat of Edynugy {rC+ Str+4 Int+5} (Okawaru
                  | gifted it to you on level 6 of the Lair of Beasts)
 16372 | Lair:6   | Noticed a dire elephant
 16446 | Lair:6   | Noticed a dire elephant
 16452 | Lair:6   | Killed a dire elephant
 16492 | Lair:6   | Killed a dire elephant
 16510 | Lair:6   | Noticed a dire elephant
 16510 | Lair:6   | Noticed a dire elephant
 16528 | Lair:6   | Killed a dire elephant
 16544 | Lair:6   | Killed a dire elephant
 16786 | D:13     | Reached XP level 14. HP: 130/130 MP: 19/19
 17245 | D:13     | Received a gift from Okawaru
 17355 | D:13     | Found a gate to the Vaults.
 17790 | D:14     | Received a gift from Okawaru
 17793 | D:14     | Got a steaming robe {god gift}
 17804 | D:14     | Identified the +0 robe "Qooriaq" {MR+} (Okawaru gifted it
                  | to you on level 14 of the Dungeon)
 17898 | D:14     | HP: 6/130 [deep elf mage/bolt of magma (17)]
 17912 | D:14     | Noticed Josephine
 17924 | D:13     | Killed Josephine
 18115 | Orc:1    | Entered Level 1 of the Orcish Mines
 18264 | Orc:1    | Found Jom Qoz's Mayhem Merchandise.
 18424 | Orc:1    | Noticed a stone giant
 18440 | Orc:1    | Killed a stone giant
 18610 | Orc:1    | You fall through a shaft!
 18610 | Orc:2    | Entered Level 2 of the Orcish Mines
 18648 | Orc:2    | Found a staircase to the Elven Halls.
 18711 | Orc:2    | Noticed a stone giant
 18727 | Orc:2    | Killed a stone giant
 19046 | Orc:2    | Noticed Saint Roka
 19052 | Orc:2    | Found Nakka's Antique Armour Boutique.
 19077 | Orc:2    | Killed Saint Roka
 19078 | Orc:2    | Found Getangits's Antique Weapon Shop.
 19079 | Orc:2    | Found a roughly hewn altar of Beogh.
 19207 | Orc:2    | Found a roughly hewn altar of Beogh.
 19240 | Orc:2    | Found a roughly hewn altar of Beogh.
 19289 | Orc:2    | Found a roughly hewn altar of Beogh.
 19290 | Orc:2    | Found Loirilit's Antique Weapon Shoppe.
 19444 | Orc:2    | Found a burning altar of Makhleb.
 19481 | Orc:2    | Found a roughly hewn altar of Beogh.
 19495 | Orc:2    | Received a gift from Okawaru
 19532 | Orc:2    | Found Geps's Gadget Boutique.
 19604 | Orc:2    | Found a roughly hewn altar of Beogh.
 19642 | Orc:2    | Found a roughly hewn altar of Beogh.
 19741 | Orc:2    | Found a roughly hewn altar of Beogh.
 20133 | D:14     | Reached XP level 15. HP: 140/140 MP: 17/20
 20276 | D:14     | Reached skill level 11 in Unarmed Combat
 20774 | D:15     | Entered Level 15 of the Dungeon
 20954 | D:15     | Found a staircase to the Depths.
 20992 | D:15     | Reached skill level 10 in Dodging
 21056 | D:15     | Found the +5 robe of Misfortune {*Contam Harm *Corrode
                  | *Drain *Slow EV+5}
 21656 | Spider:1 | Entered Level 1 of the Spider Nest
 21722 | Spider:1 | You fall through a shaft!
 22039 | Spider:2 | Reached skill level 10 in Throwing
 22219 | Spider:1 | Received a gift from Okawaru
 22441 | Spider:1 | Reached skill level 12 in Unarmed Combat
 22452 | Spider:1 | Received a gift from Okawaru
 23236 | Spider:2 | Got a pitted cloak
 23242 | Spider:2 | Identified the +0 cloak "Kupathro" {MP+9 Dex+4} (You
                  | acquired it on level 2 of the Spider Nest)
 23424 | Spider:2 | You fall through a shaft!
 23618 | Spider:2 | Noticed Arachne
 23629 | Spider:2 | Reached XP level 16. HP: 156/156 MP: 21/21
 23641 | Spider:2 | Killed Arachne
 23931 | Spider:3 | Reached skill level 13 in Unarmed Combat
 24447 | Spider:4 | Entered Level 4 of the Spider Nest
 24493 | Spider:4 | Reached skill level 10 in Fighting
 24682 | Spider:4 | Received a gift from Okawaru
 25131 | Spider:4 | Reached skill level 14 in Unarmed Combat
 25136 | Spider:4 | Reached ****** piety under Okawaru
 25179 | Spider:4 | Received a gift from Okawaru
 25186 | Spider:4 | Got a crude large shield {god gift}
 25187 | Spider:4 | Identified the +7 large shield of Areohafe {+Blink rElec
                  | Int-2 Dex+5} (Okawaru gifted it to you on level 4 of the
                  | Spider Nest)
 25541 | Spider:4 | Got a gossamer rune of Zot
 25788 | Spider:4 | Reached skill level 15 in Unarmed Combat
 26583 | Shoals:1 | Entered Level 1 of the Shoals
 26968 | Shoals:2 | Received a gift from Okawaru
 26975 | Shoals:2 | Reached XP level 17. HP: 93/166 MP: 22/22
 27180 | Shoals:2 | Noticed a kraken
 27191 | Shoals:2 | Killed a kraken
 27406 | Shoals:3 | Received a gift from Okawaru
 27450 | Shoals:3 | Received a gift from Okawaru
 27616 | Shoals:3 | Noticed Polyphemus
 27632 | Shoals:3 | Noticed Ilsuiw
 27636 | Shoals:2 | Reached skill level 16 in Unarmed Combat
 28091 | Shoals:3 | Killed Polyphemus
 28168 | Shoals:3 | Killed Ilsuiw
 28185 | Shoals:3 | Received a gift from Okawaru
 28412 | Shoals:3 | Received a gift from Okawaru
 28423 | Shoals:3 | Reached skill level 17 in Unarmed Combat
 28533 | Shoals:4 | Entered Level 4 of the Shoals
 28664 | Shoals:4 | Got a glittering iron amulet
 28665 | Shoals:4 | Identified the amulet of the Jester {RegenMP rC- MR+ Str+4}
                  | (You found it on level 4 of the Shoals)
 28759 | Shoals:4 | Got a heavily runed amethyst amulet
 28760 | Shoals:4 | Identified the amulet of the Tempest {Inacc Int+4} (You
                  | found it on level 4 of the Shoals)
 28851 | Shoals:4 | Got a barnacled rune of Zot
 28925 | Shoals:4 | Received a gift from Okawaru
 29168 | Shoals:4 | Reached skill level 18 in Unarmed Combat
 29269 | Shoals:4 | Reached XP level 18. HP: 174/174 MP: 23/23
 29663 | Vaults:1 | Entered Level 1 of the Vaults
 29801 | Vaults:1 | Upgraded the game from 0.23-a0-639-ga9a3373 to
                  | 0.23-a0-642-g3120c2f
 29884 | Vaults:1 | Cast into level 3 of the Abyss (a deep elf sorcerer)
 30061 | Abyss:3  | Reached skill level 19 in Unarmed Combat
 30179 | Vaults:1 | Escaped the Abyss
 30204 | Vaults:1 | Received a gift from Okawaru
 30316 | Vaults:1 | Got a faintly humming hat
 30317 | Vaults:1 | Identified the +1 hat of Vaabbif {rCorr Str+3} (You
                  | acquired it on level 1 of the Vaults)
 30319 | Vaults:1 | Identified the +1 robe of Undesirable Species {rCorr} (You
                  | acquired it on level 1 of the Vaults)
 30507 | Vaults:1 | Received a gift from Okawaru
 30612 | Vaults:1 | Received a gift from Okawaru
 30612 | Vaults:1 | Reached skill level 20 in Unarmed Combat
 31098 | Vaults:1 | Found Zeidytai's Armour Emporium.
 31213 | Vaults:2 | Received a gift from Okawaru
 31304 | Vaults:2 | Reached XP level 19. HP: 140/182 MP: 24/24
 31348 | Vaults:2 | Received a gift from Okawaru
 31369 | Vaults:2 | Reached skill level 21 in Unarmed Combat
 31779 | Vaults:2 | Received a gift from Okawaru
 32044 | Vaults:2 | Received a gift from Okawaru
 32396 | Vaults:2 | Reached skill level 22 in Unarmed Combat
 32398 | Vaults:2 | Received a gift from Okawaru
 33089 | Vaults:3 | Received a gift from Okawaru
 33549 | Vaults:3 | Found a staircase to the Crypt.
 33549 | Vaults:3 | Found an ancient bone altar of Kikubaaqudgha.
 33550 | Vaults:3 | Found a basalt altar of Yredelemnul.
 34109 | Vaults:4 | Reached XP level 20. HP: 193/193 MP: 25/25
 34940 | Vaults:4 | Found Qikhagu's Antique Weapon Boutique.
 35259 | Vaults:4 | Received a gift from Okawaru
 35644 | Elf:1    | Entered Level 1 of the Elven Halls
 35890 | Elf:1    | Found a radiant altar of Vehumet.
 35910 | Elf:1    | Received a gift from Okawaru
 37287 | Elf:2    | Found a runed gate.
 37288 | Elf:2    | Found a runed gate.
 37288 | Elf:2    | Found a runed gate.
 37289 | Elf:2    | Noticed Tolavum's ghost (adept VSAK)
 37510 | Elf:2    | Found a huge runed gate.
 37510 | Elf:2    | Found a huge runed gate.
 37510 | Elf:2    | Found a huge runed gate.
 37510 | Elf:2    | Found a huge runed gate.
 37510 | Elf:2    | Found a huge runed gate.
 37609 | Elf:3    | Entered Level 3 of the Elven Halls
 37609 | Elf:3    | Found Vykhly's Weapon Emporium.
 37934 | Elf:2    | Received a gift from Okawaru
 38097 | Elf:2    | Gained mutation: Your body sometimes deteriorates upon
                  | taking damage. [a neqoxec]
 38101 | Elf:2    | Received a gift from Okawaru
 38326 | Elf:3    | Found a frozen archway.
 38355 | IceCv    | Entered an ice cave
 38385 | IceCv    | Received a gift from Okawaru
 38585 | IceCv    | Found the +6 arbalest "Damnation" {damnation}
 38797 | Elf:3    | Received a gift from Okawaru
 38914 | Elf:3    | Received a gift from Okawaru
 38914 | Elf:3    | Reached XP level 21. HP: 112/206 MP: 26/26
 39705 | Elf:3    | Identified the ring of Due Proportion {rN+ MR+ Dex+4 SInv}
                  | (You found it on level 3 of the Elven Halls)
 39760 | Elf:3    | Got a smoking silver ring
 39761 | Elf:3    | Identified the ring "Oneoj" {+Fly MP+9 Stlth+} (You found
                  | it on level 3 of the Elven Halls)
 39813 | Elf:3    | Identified Fuf Cyta's Volume of Venomous Air
 39831 | Elf:3    | Got a twisted shield
 39832 | Elf:3    | Identified the +2 shield of Daegh {Str-2 Int+3 Stlth+} (You
                  | found it on level 3 of the Elven Halls)
 39872 | Elf:3    | Got a twitching turquoise ring
 39873 | Elf:3    | Identified the ring of Wier {+Blink rF- rC+ MR+} (You found
                  | it on level 3 of the Elven Halls)
 40231 | Depths:1 | Entered Level 1 of the Depths
 40415 | Depths:1 | Found a one-way gate leading to the halls of Pandemonium.
 40491 | Depths:1 | Reached skill level 15 in Shields
 40504 | Depths:1 | Received a gift from Okawaru
 40537 | Depths:1 | Received a gift from Okawaru
 40622 | Depths:1 | Found a gateway to Hell.
 40691 | Depths:1 | Found a runed gate.
 40692 | Depths:1 | Found a runed gate.
 40692 | Depths:1 | Found a runed gate.
 40697 | Depths:1 | Found an opulent altar of Gozag.
 40697 | Depths:1 | Noticed Xanleava's ghost (journeyman SpBe)
 40928 | Depths:1 | Found a one-way gate to the infinite horrors of the Abyss.
 41067 | Depths:2 | Received a gift from Okawaru
 41067 | Depths:2 | Noticed a caustic shrike
 41338 | Depths:2 | Reached skill level 15 in Throwing
 41774 | Depths:2 | Found a runed door.
 41953 | Depths:2 | Reached XP level 22. HP: 212/223 MP: 27/27
 42595 | Depths:3 | Killed a caustic shrike
 42632 | Depths:3 | Reached skill level 15 in Fighting
 42654 | Depths:3 | Received a gift from Okawaru
 42678 | Depths:3 | Noticed an ancient lich
 43277 | Depths:3 | Killed an ancient lich
 43309 | Depths:3 | Found a large runed door.
 43310 | Depths:3 | Found a large runed door.
 43489 | Depths:3 | Identified Yciuf's Volume of Sinister Rites
 43784 | Depths:4 | Received a gift from Okawaru
 43857 | Depths:4 | Received a gift from Okawaru
 43947 | Depths:4 | Noticed Margery
 43961 | Depths:4 | Killed from afar by Margery

Vault maps used:
D:1:      dpeg_arrival_lava_altar, chequers_big_river, minmay_heptomino_d4
D:2:      minmay_diamond_boxcup, grunt_qazlal_clouds, uniq_natasha
D:3:      gammafunk_temple_overflow_forgotten, marbit_many_paths,
          kennysheep_okawaru_gauntlet, gammafunk_temple_overflow_arena,
          tso_metal_star
D:4:      first_ration, portal_sewer_entry_b
D:5:      enter_ossuary_4, uniq_blork_the_orc, uniq_pikel, uniq_menkaure
D:6:      minmay_temple_entry_grid
D:7:      minmay_octagon_keep, serial_shops, shop, shop_fountains, uniq_duvessa
D:8:      grunt_temple_overflow_holy_war, lemuel_flamethrower_1
D:9:      xom_redecorated, cheibriados_altar_1, lair_entry_dummy, orc_0_dummy
D:10:     serial_column_ruins, column_ruins_hut_water, column_ruins_open_small,
          column_ruins_grid_3, column_ruins_corridor_corner,
          column_ruins_open_small, hangedman_little_slice_of_home
D:11:     grunt_dithmenos_smoke
D:12:     minmay_separated_statues, serial_shops, shop, guppyfry_shop_blood,
          uniq_frances, uniq_azrael, uniq_fannar
D:13:     lightli_vaults_fourway_checkpoint, chequers_serial_rivers_micro_e,
          st_stairs_7
D:14:     minmay_holes, uniq_josephine
D:15:     gammafunk_depths_entry_grave, hangedman_decor_growths,
          wad_floor_pattern_2, minmay_misc_feat_room
Lair:1:   lemuel_ratsnest, nicolae_quartered_pool_medium,
          cheibrodos_lair_reptile_den, serial_bayou_shore_b, grunt_megastairs_2
Lair:2:   gammafunk_lair_enchanted_lake, elwin_shoals_entry_stream,
          gammafunk_lair_bear_cave, infiniplex_staircase_pool_2, uniq_urug
Lair:3:   nicolae_spider_entry_orb_guardian, serial_bayou_crossing
Lair:4:   hibernation_bobbens, lemuel_fruit_tree
Lair:6:   due_jungle_book, minmay_slime_entry_pillars
Shoals:3: uniq_polyphemus, uniq_ilsuiw
Shoals:4: shoals_end_grunt_ice
Spider:1: minmay_another_anthill
Spider:2: uniq_arachne
Spider:4: spider_rune_water
Orc:1:    minmay_shop_mayhem
Orc:2:    grunt_orc_community_town_hall, grunt_orc_community_big_house_1,
          grunt_orc_community_big_house_2, grunt_orc_community_house_3,
          grunt_orc_community_house_1, grunt_orc_community_house_3,
          grunt_orc_community_house_3, grunt_orc_community_house_3,
          david_defended_altar_orc
Elf:1:    basic_altar, evilmike_minifort, minivault_25, david_greed
Elf:2:    gammafunk_ghost_split
Elf:3:    minmay_elf_hall, serial_shops, nicolae_shop_crystal,
          portal_ice_cave_entry_frozen_things
Vaults:1: v_rooms_5, v_alt_pattern_6, nicolae_vaults_little_squares_1,
          grunt_vaults_diagonal, ontoclasm_vaults_fault, v_alt_pattern_3,
          v_misc_18, v_alt_pattern_5, hangedman_vaults_slice,
          nicolae_vaults_angled_halls, nicolae_vaults_specimen_jars,
          serial_shops, nicolae_shop_waterfront
Vaults:2: vaults_room_pool, vaults_room_fancy_cross, st_cross, v_pattern_3,
          nicolae_vaults_shelves_hall, nicolae_vaults_network_star,
          nicolae_vaults_little_squares_6,
          nicolae_vaults_windows_and_doors_thing, hangedman_vaults_impose,
          ontoclasm_vaults_chip, vaults_room_ringed_pool, hangedman_vaults_nails
Vaults:3: hangedman_vaults_pinch, vaults_dpeg_ring, nicolae_vaults_display_case,
          v_misc_24, nicolae_vaults_alarming, minmay_crypt_entry_necro_gods,
          v_pattern_4, nicolae_vaults_mini_display_case, hangedman_vaults_locks,
          v_misc_25
Vaults:4: nicolae_vaults_twisting_passages, nicolae_vaults_what_the_h,
          grunt_vaults_twisty, ontoclasm_vaults_bender, v_alt_pattern_6,
          v_misc_10, vaults_mumra_hex, vaults_dpeg_encased_lava,
          nicolae_vaults_little_squares_1, serial_shops, nicolae_shop_crystal
Depths:1: rand_demon_pan_entry_3, ebering_ghost_gozag, hell_entry, abyss_entry,
          fountainhead, serial_glass, glass_columns_a, glass_columns_b,
          minmay_misc_feat_nine_boxes, kilobyte_mutagenic_chamber
Depths:2: minmay_the_grid_triangle_9x9_rhombus_thin_mashed, hell_entry,
          chequers_serial_rivers_small_3, serial_bayou, serial_bayou_pond_d,
          serial_bayou_lagoon_a, serial_bayou_ford_a, serial_bayou_pond_b,
          infiniplex_staircase_zigzag_5
Depths:3: lightli_eight_chambers, special_room, pf_hell_entry_great_geh,
          roderic_lattice_a, pan_entry, infiniplex_staircase_door_maze
Depths:4: cheibrodos_cascadia, hellmouth_1, hangedman_glass_teeth, abyss_entry,
          grunt_megastairs_5, uniq_margery, uniq_sojobo
Abyss:3:  nicolae_abyss_rune_left_handed
Sewer:    sewer_big_baddie
Ossuary:  ossuary_kennysheep_city_of_the_dead
IceCv:    ice_cave_tombish

Skill      XL: |  1  2  3  4  5  6  7  8  9 10 11 12 13 14 15 16 17 18 19 20 21 22 |
---------------+-------------------------------------------------------------------+-----
Unarmed Combat | 1 2 3 4 6 7 8 10 12 15 18 20 22 | 22.0
Fighting       | 3 6 7 9 10 12 14 15 | 15.0
Invocations    | 2 4 6 8 |  8.0
Dodging        | 5 8 9 10 | 10.0
Shields        | 6 9 11 12 13 14 15 | 15.0
Evocations     | 3 5 7 8 |  8.0
Throwing       | 6 8 9 10 12 15 17 | 17.5
Stealth        | |  0.3

Action                   |  1- 3 |  4- 6 |  7- 9 | 10-12 | 13-15 | 16-18 | 19-21 | 22-24 || total
-------------------------+-------+-------+-------+-------+-------+-------+-------+-------++-------
Melee: Unarmed           |   113 |   171 |   291 |   827 |  1574 |  1174 |  1416 |   295 ||  5861
       Punch             |     1 |     3 |    19 |     9 |       |     2 |       |       ||    34
Throw: Large rock        |       |       |       |     7 |    48 |    30 |    23 |    13 ||   121
       Throwing net      |       |       |       |     2 |     3 |       |       |       ||     5
Invok: Heroism           |       |       |     3 |     8 |    30 |    18 |    15 |     3 ||    77
       Finesse           |       |       |       |     4 |     5 |     5 |     1 |     1 ||    16
 Abil: Evoke Flight      |       |       |       |       |       |       |     3 |       ||     3
Evoke: Wand              |       |       |       |     1 |     5 |     6 |     1 |       ||    13
  Use: Scroll            |       |     5 |    10 |     8 |    23 |    11 |    12 |     2 ||    71
       Potion            |       |       |       |     2 |     4 |     3 |     3 |       ||    12
 Stab: Sleeping          |     1 |     5 |     6 |     4 |       |     2 |     5 |     1 ||    24
       Distracted        |       |       |       |       |     1 |       |     1 |     1 ||     3
       Confused          |       |       |       |       |       |     1 |       |       ||     1
  Eat: Chunk             |    15 |    20 |    29 |    52 |   101 |    73 |    94 |    20 ||   404
       Ration            |       |       |       |       |     1 |       |       |       ||     1
Armor: Robe              |    30 |    47 |    44 |    18 |    80 |    95 |    47 |    13 ||   374
       Troll leather arm |       |       |       |   104 |    93 |       |       |       ||   197
Dodge: Dodged            |    56 |   101 |   102 |   286 |   318 |   394 |   242 |    59 ||  1558
Block: Large shield      |       |       |       |   380 |  1516 |  1338 |  1096 |   277 ||  4607
       Reflection        |       |       |       |       |       |       |     5 |    32 ||    37

Table legend:
 A = Non-vault XP
 B = Vault XP
 C = Vault XP percentage of total XP
 D = Non-vault monster count
 E = Vault monster count
 F = Vault count percentage of total count
                 A         B        C        D         E       F
            +---------+---------+-------+---------+---------+-------
      Total |  461533 |  339857 |  42.4 |    1189 |     643 |  35.1
            +---------+---------+-------+---------+---------+-------
        D:1 |      49 |       6 |  10.9 |      23 |       4 |  14.8
        D:2 |     114 |      53 |  31.7 |      24 |      10 |  29.4
        D:3 |      74 |       2 |   2.6 |      19 |       1 |   5.0
        D:4 |     234 |     194 |  45.3 |      10 |       5 |  33.3
        D:5 |     366 |     774 |  67.9 |      15 |       4 |  21.1
        D:6 |     731 |       0 |   0.0 |      15 |       0 |   0.0
        D:7 |    1519 |     885 |  36.8 |      35 |      13 |  27.1
        D:8 |    1026 |       0 |   0.0 |      24 |       0 |   0.0
        D:9 |    3591 |       0 |   0.0 |      22 |       0 |   0.0
       D:10 |    1320 |     165 |  11.1 |      19 |       8 |  29.6
       D:11 |    5148 |    2424 |  32.0 |      28 |       8 |  22.2
       D:12 |    4491 |    4209 |  48.4 |      26 |       7 |  21.2
       D:13 |   11602 |    7799 |  40.2 |      47 |      14 |  23.0
       D:14 |    8420 |    1048 |  11.1 |      38 |       5 |  11.6
       D:15 |    7586 |    3806 |  33.4 |      16 |       8 |  33.3
     Lair:1 |    3483 |    1661 |  32.3 |      16 |      46 |  74.2
     Lair:2 |    1689 |    6830 |  80.2 |       9 |      17 |  65.4
     Lair:3 |    3697 |     275 |   6.9 |      13 |       1 |   7.1
     Lair:4 |    1890 |       0 |   0.0 |      10 |       0 |   0.0
     Lair:5 |    4113 |       0 |   0.0 |      12 |       0 |   0.0
     Lair:6 |    9183 |    3481 |  27.5 |      22 |       9 |  29.0
   Shoals:1 |    9732 |       0 |   0.0 |      22 |       0 |   0.0
   Shoals:2 |   19529 |     956 |   4.7 |      37 |       1 |   2.6
   Shoals:3 |   15762 |   10695 |  40.4 |      28 |      11 |  28.2
   Shoals:4 |    9415 |   20519 |  68.5 |      22 |      34 |  60.7
   Spider:1 |   17393 |    5225 |  23.1 |      44 |      23 |  34.3
   Spider:2 |    9089 |    3706 |  29.0 |      27 |       1 |   3.6
   Spider:3 |    5922 |       0 |   0.0 |      15 |       0 |   0.0
   Spider:4 |   19120 |   21595 |  53.0 |      54 |      41 |  43.2
      Orc:1 |    2484 |       0 |   0.0 |      14 |       0 |   0.0
      Orc:2 |    4939 |   10503 |  68.0 |      42 |      73 |  63.5
      Elf:1 |   11170 |    8181 |  42.3 |      17 |      15 |  46.9
      Elf:2 |   15026 |   25032 |  62.5 |      26 |      31 |  54.4
      Elf:3 |    9375 |   44262 |  82.5 |      15 |      27 |  64.3
   Vaults:1 |   42280 |   23085 |  35.3 |      78 |      41 |  34.5
   Vaults:2 |   31992 |   24216 |  43.1 |      65 |      34 |  34.3
   Vaults:3 |   20941 |    8105 |  27.9 |      39 |      11 |  22.0
   Vaults:4 |   22616 |   27135 |  54.5 |      37 |      45 |  54.9
   Depths:1 |   36422 |       8 |   0.0 |      45 |       1 |   2.2
   Depths:2 |   24973 |   18117 |  42.0 |      32 |      11 |  25.6
   Depths:3 |   44267 |   37084 |  45.6 |      53 |      28 |  34.6
   Depths:4 |    1779 |    8151 |  82.1 |       5 |       8 |  61.5
    Abyss:3 |   16981 |       0 |   0.0 |      29 |       0 |   0.0
      Sewer |       0 |     117 | 100.0 |       0 |       6 | 100.0
    Ossuary |       0 |     304 | 100.0 |       0 |      15 | 100.0
      IceCv |       0 |    9249 | 100.0 |       0 |      26 | 100.0
            +---------+---------+-------+---------+---------+-------
